 Dungeon Crawl Stone Soup version bcrawl-1.24.2 (webtiles) character file.

Game seed: 3755201742407424370

383 Freyura the Skirmisher (level 6, -2/56 HPs)
             Began as a Minotaur Fighter on June 20, 2020.
             Was a Believer of Zin.
             Slain by a gnoll
             ... wielding a +0 spear
              (8 damage)
             ... on level 4 of the Dungeon.
             The game lasted 00:06:44 (2395 turns).

Freyura the Skirmisher (Minotaur Fighter)           Turns: 2395, Time: 00:06:44

Health: -2/56      AC:  7    Str: 26    XL:     6   Next: 47%
Magic:  4/6        EV:  7    Int:  5    God:    Zin [**....]
Gold:   146        SH: 10    Dex: 11    Spells: 5/5 levels left

rFire    + . .     SeeInvis +   a - +1 flail
rCold    x . .     Gourm    .   c - +0 medium shield
rNeg     . . .     Faith    .   b - +0 scale mail
rPois    .         Spirit   .   (helmet restricted)
rElec    .         Reflect  .   (no cloak)
rCorr    .         Harm     .   (no gloves)
MR       .....                  (no boots)
Stlth    ..........             o - amulet of regeneration
HPRegen  0.30/turn              g - ring of see invisible
MPRegen  0.10/turn              m - ring of fire

@: mighty, swift, flying, very quick
A: retaliatory headbutt, horns 2
a: Recite, Vitalisation, Donate Gold, Renounce Religion


You were on level 4 of the Dungeon.
You worshipped Zin.
Zin was pleased with you.
You were not hungry.

You visited 1 branch of the dungeon, and saw 4 of its levels.

You collected 162 gold pieces.
You donated 16 gold pieces to Zin.

Inventory:

Hand Weapons
 a - a +1 flail (weapon)
Armour
 b - a +0 scale mail (worn)
 c - a +0 medium shield (worn)
Jewellery
 g - a ring of see invisible (left hand)
 m - a ring of fire (right hand)
 o - an amulet of regeneration (around neck)
Scrolls
 k - a scroll of identify
 l - 3 scrolls of remove curse
Potions
 f - 3 potions of curing
 i - a potion of cancellation
 j - a potion of haste
 n - a potion of invisibility {unknown}
Comestibles
 e - 8 rations {!d}
 p - a chunk of flesh


   Skills:
 * Level 5.4 Fighting
 * Level 4.7 Maces & Flails
 + Level 4.5 Armour
 + Level 2.5 Dodging
 + Level 4.5 Shields
 + Level 1.6 Invocations


You had 5 spell levels left.
You didn't know any spells.
Your spell library was empty.

Dungeon Overview and Level Annotations

Branches:
Dungeon (4/12)
 Temple: D:4-7

Altars:
Kikubaaqudgha
Trog
Uskayaw
Zin


Innate Abilities, Weirdness & Mutations

You reflexively headbutt those who attack you in melee.
You have a pair of horns on your head.


Message History

The gnoll hits you but does no damage. You block the gnoll's attack.
The adder bites you but does no damage.
You thump the adder!
You kill the adder!
The gnoll closely misses you.
The gnoll hits you from afar with a +0 spear.
The gnoll hits you but does no damage. The gnoll hits you with a +0 flail.
The gnoll hits you from afar with a +0 spear.
* * * LOW HITPOINT WARNING * * *
You closely miss the gnoll. You block the gnoll's attack.
The gnoll hits you with a +0 whip!
* * * LOW HITPOINT WARNING * * *
You block the gnoll's attack. The gnoll hits you with a +0 flail.
* * * LOW HITPOINT WARNING * * *
It was a potion of flight.
You feel very buoyant.
You fly up into the air.
The gnoll barely misses you. The gnoll hits you but does no damage.
The gnoll hits you from afar with a +0 spear!
You die...

.......##.......
...#.#..........
#.#...##....(..
#.............#
#...........
###........ #..
##......#)##.....
#####........@g......
.
#.........####g#g.....
.##.######.##
#.g.#%... .#..###_#..#
#..### ...
......#'#.####...## .
...##.....##.......
...##.#####..._....
......# #........
...#### #.#####.#


You could see 4 gnolls.

Vanquished Creatures
  The ghost of Freyura the Twirler, an amateur DsGl (D:3)
  A centaur (D:3)
  A bullfrog (D:3)
  4 gnolls (D:4)
  5 adders
  3 worms
  5 dart slugs
  4 leopard geckos
  An orc (D:3)
  2 bats
  6 giant cockroaches
  3 hobgoblins
  A jackal (D:1)
  A kobold (D:1)
  2 quokkas (D:4)
  2 ball pythons (D:1)
  6 goblins
  7 rats
55 creatures vanquished.

Vanquished Creatures (others)
  A leopard gecko (D:3)
1 creature vanquished.

Grand Total: 56 creatures vanquished

Notes
Turn   | Place    | Note
-------+----------+-------------------------------------------
     0 | D:1      | Freyura the Minotaur Fighter began the quest for the Orb.
     0 | D:1      | Reached XP level 1. HP: 19/19 MP: 0/0
   157 | D:1      | Reached XP level 2. HP: 27/27 MP: 1/1
   343 | D:1      | Reached skill level 4 in Fighting
   685 | D:2      | Reached XP level 3. HP: 33/33 MP: 2/2
   690 | D:2      | Reached skill level 1 in Dodging
  1485 | D:3      | Found a glowing silver altar of Zin.
  1488 | D:3      | Became a worshipper of Zin the Law-Giver
  1715 | D:3      | Reached * piety under Zin
  1794 | D:3      | Found a runed translucent door.
  1798 | D:3      | Noticed a bullfrog
  1799 | D:3      | Noticed Freyura's ghost (amateur DsGl)
  1815 | D:3      | Reached XP level 4. HP: 31/41 MP: 3/3
  1846 | D:3      | Killed a bullfrog
  1846 | D:3      | Reached XP level 5. HP: 47/47 MP: 4/4
  1859 | D:3      | Killed Freyura's ghost
  1859 | D:3      | Reached skill level 5 in Fighting
  1859 | D:3      | Reached skill level 1 in Invocations
  1978 | D:3      | Noticed a centaur
  1996 | D:3      | Found a glowing drain.
  2015 | D:3      | Killed a centaur
  2015 | D:3      | Reached XP level 6. HP: 12/56 MP: 4/6
  2335 | D:4      | Found a bloodstained altar of Trog.
  2335 | D:4      | Found a hide-covered altar of Uskayaw.
  2335 | D:4      | Noticed a +0 dagger
  2335 | D:4      | Noticed a +0 dagger
  2361 | D:4      | Reached ** piety under Zin
  2369 | D:4      | Found an ancient bone altar of Kikubaaqudgha.
  2395 | D:4      | Slain by a gnoll

Skill      XL: |  1  2  3  4  5 |
---------------+----------------+-----
Fighting       | 4 5 |  5.4
Maces & Flails | 3 4 |  4.7
Dodging        | 1 2 |  2.5
Armour         | 4 |  4.5
Shields        | 4 |  4.5
Invocations    | 1 |  1.6

Action                   |  1- 3 |  4- 6 || total
-------------------------+-------+-------++-------
Melee: Flail             |   112 |    50 ||   162
       Headbutt          |    16 |    10 ||    26
  Use: Scroll            |     8 |     1 ||     9
       Potion            |       |     4 ||     4
  Eat: Chunk             |     3 |     2 ||     5
Armor: Scale mail        |    51 |    42 ||    93
Dodge: Dodged            |    33 |    15 ||    48
Block: Medium shield     |    45 |    50 ||    95
